 Dungeon Crawl Stone Soup version 0.18-a0-1611-g00361b8 (webtiles) character file.

41 Arkorax the Ruffian (level 3, 37/37 HPs)
             Began as a Troll Monk on Mar 22, 2016.
             Was a Believer of Fedhas.
             Quit the game on level 2 of the Dungeon.
             The game lasted 00:01:28 (509 turns).

Arkorax the Ruffian (Troll Monk)                     Turns: 509, Time: 00:01:29

Health: 37/37      AC:  5    Str: 19    XL:     3   Next: 32%
Magic:  2/2        EV: 10    Int:  6    God:    Fedhas [**....]
Gold:   36         SH:  0    Dex: 13    Spells: 0 memorised, 2 levels left

rFire  . . .     SeeInvis .       - Unarmed
rCold  . . .     Gourm    +     a - +0 robe
rNeg   . . .     Faith    .     (no shield)
rPois  .         Spirit   .     (helmet restricted)
rElec  .         Dismiss  .     (no cloak)
rCorr  .         Reflect  .     (gloves unavailable)
SustAt .         Harm     .     (boots unavailable)
MR     .....                    (no amulet)
Stlth  +.........               (no ring)
                                (no ring)

@: not resistant to hostile enchantments, very unstealthy
A: unfitting armour, claws 3, fast metabolism 3, gourmand, regeneration 2,
shaggy fur 1, tough skin 2
a: Evolution, Sunlight, Renounce Religion


You were on level 2 of the Dungeon.
You worshipped Fedhas.
Fedhas was pleased with you.
You were completely stuffed.

You visited 1 branch of the dungeon, and saw 2 of its levels.

You collected 36 gold pieces.

Inventory:

Armour
 a - a +0 robe (worn)
Scrolls
 c - a scroll of blinking {unknown}
 e - a scroll of magic mapping {unknown}
 j - a scroll of recharging {unknown}
 l - a scroll of identify {unknown}
Potions
 g - a potion of flight {unknown}
 h - a potion of brilliance {unknown}
 i - a potion of haste {unknown}
Comestibles
 b - 4 bread rations
 d - 2 chunks of flesh
 f - 4 fruits
 k - a slice of pizza


   Skills:
 + Level 3.0 Fighting
 - Level 2.4 Dodging
 - Level 1.1 Stealth
 * Level 4.6 Unarmed Combat


You had 2 spell levels left.
You didn't know any spells.

Dungeon Overview and Level Annotations

Branches:
Dungeon (2/15)

Altars:
Fedhas
Gozag


Innate Abilities, Weirdness & Mutations

You are too large for most types of armour.
You have claws for hands.
Your metabolism is lightning-fast.
You like to eat raw meat.
You heal very quickly.
You are covered in fur (AC +1).
You have very tough skin (AC +2).


Message History

A hobgoblin is nearby!
You offer a prayer to Fedhas.
Fedhas is pleased with you.
The hobgoblin shouts!
You closely miss the hobgoblin. The hobgoblin barely misses you.
You closely miss the hobgoblin. The hobgoblin barely misses you.
You scratch the hobgoblin but do no damage.
The hobgoblin hits you.
You scratch the hobgoblin but do no damage.
The hobgoblin completely misses you.
You claw the hobgoblin!
You kill the hobgoblin!
No target in view!
No target in view!
No target in view!
No target in view!
You see here a hobgoblin corpse.
You butcher the hobgoblin corpse.
d - 2 chunks of flesh (gained 1) Are you sure you want to abandon this character and quit the game? (Confirm with "yes".)

######## #.......
#.############.###..#
#.[.@..........# #..#
##############.###...
#......# ####.###
##...## # ##.....#
#.##.......
.......... .##.......


There were no monsters in sight!

Vanquished Creatures
  2 dart slugs (D:1)
  2 giant geckos
  3 giant cockroaches
  8 hobgoblins
  4 jackals (D:1)
  3 kobolds (D:1)
  A ball python (D:1)
  3 bats
  A goblin (D:1)
  4 rats (D:1)
31 creatures vanquished.

Vanquished Creatures (others)
  4 toadstools (D:1)
4 creatures vanquished.

Grand Total: 35 creatures vanquished

Notes
Turn   | Place    | Note
--------------------------------------------------------------
     0 | D:1      | Arkorax the Troll Monk began the quest for the Orb.
     0 | D:1      | Reached XP level 1. HP: 22/22 MP: 0/0
    91 | D:1      | Reached XP level 2. HP: 29/29 MP: 1/1
   209 | D:1      | Reached XP level 3. HP: 31/37 MP: 2/2
   293 | D:2      | Found an opulent altar of Gozag.
   360 | D:2      | Found a faded altar to an unknown god.
   371 | D:2      | Became a worshipper of Fedhas Madash
   371 | D:2      | Reached * piety under Fedhas
   371 | D:2      | Reached ** piety under Fedhas
   509 | D:2      | Quit the game

Vault maps used:
D:1:      ldierk_walled_garden_2
D:2:      grunt_gozag_statues, ecumenical_altar_2

Skill      XL: |  1  2 |
---------------+-------+-----
Fighting       | 3 |  3.0
Dodging        | |  2.4
Stealth        | |  1.1
Unarmed Combat | |  4.6

Action                   || total
-------------------------++-------
Melee: Unarmed           ||    85
 Stab: Sleeping          ||     3
  Eat: Chunk             ||    10
